cohdb
Replays
Latest Replays
All Replays
Popular Replays
Top Player Replays
Match Explorer
How It Works
Community
CoH3 Stats
Reddit
Sign in to upload your games and track your stats! →
Sign in with Steam
Match 41355599
Unlisted
Match 41355599
Overview
Messages
Build Orders
End
Scout Squad
Construct Barracks
Construct Weapon Support Center
Bazooka Squad
M1919 Machine Gun Team
Bazooka Squad
M1919 Machine Gun Team
Air Support Center
Grasshopper Recon Run
M3 Armored Personnel Carrier
Construct Medical Station
Construct Medical Station
P-47 Strafing Run
Selects Heavy Weapons
Selects M2HB .50cal Heavy Machine Gun
Selects Assault Carriers
Selects Assault Carriers
Selects Exchangeable Parts
Grasshopper Recon Run
P-47 Strafing Run
Engineer Squad
Construct Motor Pool
M1919 Machine Gun Team
Selects M2HB .50cal Heavy Machine Gun
M1 Anti-tank Gun Team
Uberlicious
ringring
1489241290
兄弟 sorry
DeathMiz
zugru90
CPU - VERY EASY
easy computer
0
0
Comments
sign in to comment!
No comments posted yet!